 Dungeon Crawl Stone Soup version 0.28.0-45-g0d030f2227 (webtiles) character file.

Game seed: 17501026889764020043

9 MisterFreud the Charlatan (level 2, -1/23 HPs)
             Began as a Draconian Artificer on Mar 31, 2022.
             Slain by a rat (3 damage)
             ... on level 1 of the Dungeon.
             The game lasted 00:01:11 (409 turns).

MisterFreud the Charlatan (Draconian Artificer)      Turns: 409, Time: 00:01:11

Health: -1/23      AC:  4    Str: 14    XL:     2   Next: 6%
Magic:  2/2        EV: 12    Int: 11    God:
Gold:   0          SH:  0    Dex: 11    Spells: 1/1 levels left

rFire   . . .      SeeInvis .   f - +0 dagger
rCold   . . .      Faith    .   (no shield)
rNeg    . . .      Spirit   .   (armour unavailable)
rPois   .          Reflect  .   (helmet restricted)
rElec   .          Harm     .   (no cloak)
rCorr   .          Rampage  .   (no gloves)
Will    .....                   (no boots)
Stlth   ++........              (no amulet)
HPRegen 0.07/turn               (no ring)
MPRegen 0.08/turn               (no ring)

@: no status effects
A: AC +4, unfitting armour, cold-blooded
a: no special abilities


You were on level 1 of the Dungeon.
You visited 1 branch of the dungeon, and saw 1 of its levels.

Inventory:

Hand Weapons
 a - a +0 club
 f - a +0 dagger (weapon)
Wands
 b - a wand of flame (15) (quivered)
 c - a wand of charming (15)
Scrolls
 e - 2 scrolls of identify {unknown}
Miscellaneous
 d - a piece from Xom's chessboard (14/15)


   Skills:
 + Level 1.4 Fighting
 + Level 2.3 Dodging
 + Level 1.2 Stealth
 + Level 3.1 Evocations


You had one spell level left.
You didn't know any spells.
Your spell library was empty.

Dungeon Overview and Level Annotations

Branches:
Dungeon (1/15)

Altars:


Innate Abilities, Weirdness & Mutations

Your plain brown scales are hard. (AC +4)
You cannot fit into any form of body armour.
You are cold-blooded and may be slowed by cold attacks.


Message History

The gnoll is moderately wounded.
The gnoll hits you with a +0 flail!
* * * LOW HITPOINT WARNING * * *
A bat comes into view.
Found a leather armour.
The bat hits you but does no damage. The bat completely misses you.
The bat misses you. The bat misses you. The bat closely misses you.
The bat hits you but does no damage. The bat closely misses you.
The bat closely misses you. The bat hits you but does no damage.
The bat barely misses you. The bat barely misses you. The bat hits you.
* * * LOW HITPOINT WARNING * * *
The bat hits you but does no damage. The bat misses you.
Found a short sword.
The bat barely misses you. The bat hits you.
* * * LOW HITPOINT WARNING * * *
The bat hits you.
* * * LOW HITPOINT WARNING * * *
The bat closely misses you.
An endoplasm comes into view.
The endoplasm quivers.
The bat hits you.
* * * LOW HITPOINT WARNING * * *
You see here a +0 short sword.
The bat closely misses you. The bat barely misses you.
An endoplasm and a frilled lizard come into view.
A rat comes into view.
The rat moves out of view.
A rat comes into view.
Found a stone staircase leading down.
The rat bites you but does no damage. The rat bites you but does no damage.
There is a stone staircase leading down here.
The rat bites you.
You die...

#....≈.# ...≈≈.# #
...≈.# #.#.##..≈.#
#.#.#.....##
#..........##
...........#
#.......@.#
#.#..br.## ##..J##
##.##
..#####g########
#.r...r......... ##
...#####.######..l.
#.......g......J..
#.########g######


You could see a gnoll, an endoplasm, a bat and 2 rats.

Vanquished Creatures
  4 bats (D:1)
  2 endoplasms (D:1)
  A goblin (D:1)
  A hobgoblin (D:1)
8 creatures vanquished.

Notes
Turn   | Place    | Note
-------+----------+-------------------------------------------
     0 | D:1      | MisterFreud the Draconian Artificer began the quest for the
                  | Orb.
     0 | D:1      | Reached XP level 1. HP: 16/16 MP: 1/1
    63 | D:1      | Reached skill level 1 in Stealth
   324 | D:1      | Reached XP level 2. HP: 22/23 MP: 2/2
   396 | D:1      | HP: 1/23 [bat (1)]
   409 | D:1      | Slain by a rat

Illustrated notes

Levels and vault maps discovered:
D:1:      dpeg_arrival_concentric_ovals, layout_loops_ring, serial_rivers,
          chequers_serial_rivers_micro_e, chequers_serial_rivers_micro_e,
          chequers_serial_rivers_room_b, chequers_serial_rivers_small_3,
          minmay_lizard_pond

Skill      XL: |  1 |
---------------+----+-----
Stealth        | 1 |  1.2
Fighting       | |  1.4
Dodging        | |  2.3
Evocations     | |  3.1

Action                   || total
-------------------------++-------
Melee: Club              ||    38
       Tailslap          ||     5
       Punch             ||     1
       Dagger            ||    10
Evoke: Piece from Xom's  ||     1
 Stab: Sleeping          ||     1
Armor: Skin              ||    45
Dodge: Dodged            ||    76
